 Dungeon Crawl Stone Soup version 0.17.2-1-ge4368a0 (webtiles) character file.

5 Goblin1989 the Digger (level 1, 0/11 HPs)
             Began as a Kobold Earth Elementalist on Jan 7, 2017.
             Slain by a hobgoblin (3 damage)
             ... on level 3 of the Dungeon.
             The game lasted 00:03:20 (297 turns).

Goblin1989 the Digger (Kobold Earth Elementalist)    Turns: 297, Time: 00:03:20

Health: 0/11       AC:  4    Str:  6    XL:     1   Next: 88%
Magic:  2/3        EV: 15    Int: 13    God:
Gold:   26         SH:  0    Dex: 16    Spells: 1 memorised, 3 levels left

rFire  . . .     SeeInvis .     b - 10 stones
rCold  . . .     Clarity  .     h - +2 robe {MR+}
rNeg   . . .     SustAt   .     (shield restricted)
rPois  .         Gourm    +     (no helmet)
rElec  .         Spirit   .     (no cloak)
rCorr  .         Warding  .     (no gloves)
rMut   .         Stasis   .     (no boots)
MR     +....                    k - amulet of the gourmand
Stlth  +++.......               (no ring)
                                (no ring)

@: somewhat resistant to hostile enchantments, fairly stealthy
A: carnivore 3
a: no special abilities


You were on level 3 of the Dungeon.
You were not hungry.

You visited 1 branch of the dungeon, and saw 3 of its levels.

You collected 26 gold pieces.

Inventory:

Hand Weapons
 i - a +0 scimitar
 w - a +0 blowgun {@w1}
Missiles
 b - 10 stones (in hand)
 j - 11 poisoned needles
Armour
 h - a +2 robe of magic resistance (worn)
Jewellery
 k - an amulet of the gourmand (around neck)
Scrolls
 a - a scroll of identify {unknown}
 e - a scroll of teleportation {unknown}
 f - a scroll of random uselessness {unknown}
 g - a scroll of enchant armour {unknown}
Books
 c - a book of Geomancy

   Spells                             Type                      Level
   a - Sandblast                      Earth                        1
   b - Stoneskin                      Transmutation/Earth          2
   c - Passwall                       Transmutation/Earth          3
   d - Stone Arrow                    Conjuration/Earth            3
   e - Petrify                        Transmutation/Earth          4
   f - Lee's Rapid Deconstruction     Earth                        5
Comestibles
 d - a meat ration {@e2}


   Skills:
 + Level 0.7 Fighting
 + Level 2.6 Dodging
 + Level 3.0 Stealth
 - Level 2.0 Spellcasting
   Level 0.8 Transmutations
 - Level 3.0 Earth Magic


You had 3 spell levels left.
You knew the following spells:

 Your Spells              Type           Power        Failure   Level  Hunger
a - Sandblast             Erth           #.....       10%         1    ##.....


Dungeon Overview and Level Annotations

Branches:
Dungeon (3/15)

Altars:
Ru


Innate Abilities, Weirdness & Mutations

You are small and have problems with some larger weapons.
You are carnivorous and can eat meat at any time.


Message History

Confirm with . or Enter, or press ? or * to list all spells.
Aiming: Sandblast
Press: ? - help, Shift-Dir - straight line, f/p - hobgoblin
Aim: a hobgoblin (lightly wounded)
Okay, then.
Casting: Sandblast
Confirm with . or Enter, or press ? or * to list all spells.
Aiming: Sandblast
Press: ? - help, Shift-Dir - straight line, f - kobold, p - hobgoblin
Aim: a kobold, wielding a dagger (severely wounded)
The rocky blast hits the kobold.
You kill the kobold!
Your Stealth skill increases to level 3!
The hobgoblin closely misses you.
You now have 2/3 mp.
Things that are here:
a dagger; a blowgun {@w1}; 11 poisoned needles
w - a blowgun {@w1};
j - 11 poisoned needles The hobgoblin hits you.
You die... █...█ ██...██ █8...8 █████

█...████ ███ █...
█...██8███8█████.█
██.(..............█
█8...(........██..█
██............██..█
██8███8███8██@█..█ ███ ███
███.█g..█ █.█.█..█ .█
█.█.█...█ .█.█ █.█.█.█..█
.█.█.█ █.█.█.█...████████
.█.█.█.█.█.█.█.█.........█
.█.█.█.█.█.█.█.█..█.█████.█
█.█.█.█.█.█.█.█████.█ █.█


You could see a hobgoblin.

Vanquished Creatures
  2 hobgoblins (D:1)
  A kobold (D:3)
  2 rats (D:3)
5 creatures vanquished.

Notes
Turn   | Place    | Note
--------------------------------------------------------------
     0 | D:1      | Goblin1989 the Kobold Earth Elementalist began the quest for the Orb.
     0 | D:1      | Reached XP level 1. HP: 10/10 MP: 3/3
   175 | D:3      | Found a sacrificial altar of Ru.
   297 | D:3      | Slain by a hobgoblin

Action                   || total
-------------------------++-------
Melee: Scimitar          ||     6
 Cast: Sandblast         ||    10
  Use: Potion            ||     1

Vault maps used:
D:1:      eino_arrival_water_star, minmay_misc_feat_cross, hex_medium
D:2:      nicolae_gozag_seed_capital, uniq_natasha, uniq_terence
D:3:      nicolae_overflow_crystal_walls, st_stairs_10, roderic_st_hans_cross,
          corexii_hall_statues_l
